 Dungeon Crawl Stone Soup version 0.28-a0-655-g4eb62b627b (webtiles) character file.

Game seed: 5968040356978595432

50 sleeves the Skirmisher (level 3, -1/29 HPs)
             Began as a Demonspawn Fighter on Oct 12, 2021.
             Slain by Natasha (5 damage)
             ... on level 2 of the Dungeon.
             The game lasted 00:01:12 (1071 turns).

sleeves the Skirmisher (Demonspawn Fighter)         Turns: 1071, Time: 00:01:13

Health: -1/29      AC:  6    Str: 17    XL:     3   Next: 55%
Magic:  3/3        EV:  9    Int:  9    God:
Gold:   72         SH:  4    Dex: 12    Spells: 2/2 levels left

rFire   . . .      SeeInvis .   a - +0 war axe
rCold   . . .      Faith    .   c - +0 buckler
rNeg    . . .      Spirit   .   b - +0 scale mail
rPois   .          Reflect  .   (helmet restricted)
rElec   .          Harm     .   (no cloak)
rCorr   .          Rampage  .   (no gloves)
Will    .....                   (no boots)
Stlth   ..........              g - amulet of regeneration
HPRegen 1.09/turn               (no ring)
MPRegen 0.08/turn               (no ring)

@: no status effects
A: horns 1, weakness stinger 1
a: no special abilities


You were on level 2 of the Dungeon.
You visited 1 branch of the dungeon, and saw 2 of its levels.

You collected 72 gold pieces.

Inventory:

Hand Weapons
 a - a +0 war axe (weapon)
Armour
 b - a +0 scale mail (worn)
 c - a +0 buckler (worn)
Jewellery
 g - an amulet of regeneration (around neck)
   (You found it on level 2 of the Dungeon)
Scrolls
 f - a scroll of amnesia {unknown}
 h - a scroll of brand weapon {unknown}
Potions
 d - a potion of might
 e - 2 potions of attraction {unknown}


   Skills:
 - Level 3.0 Fighting
 - Level 2.7 Axes
 - Level 2.6 Armour
 - Level 2.6 Shields
 + Level 2.1 Unarmed Combat


You had 2 spell levels left.
You didn't know any spells.
Your spell library contained the following spells:

 Spells                   Type           Power      Damage    Failure   Level
 Foxfire                  Conj/Fire      0%         2x1d4     85%         1
 Conjure Flame            Conj/Fire      0%         6-21      99%         3
 Inner Flame              Hex/Fire       0%         N/A       99%         3
 Flame Wave               Conj/Fire      0%         3d3       100%        4


Dungeon Overview and Level Annotations

Branches:
Dungeon (2/15)

Altars:

Annotations:
D:2 Natasha


Innate Abilities, Weirdness & Mutations

You have a pair of small horns on your head.
You have a small tail.


Message History

Welcome, sleeves the Demonspawn Fighter.
Are you destined to find the magnificent Orb of Zot, or to die trying?
Press ? for a list of commands and other information.
Found a staircase leading out of the dungeon.
You open the door.
There is an open door here.
You open the door.
A ball python comes into view.
A ball python is nearby!
A ball python is nearby!
There is an open door here.
You block the ball python's attack. The ball python barely misses you.
You slash the ball python!
You kill the ball python!
No target in view!
No target in view!
No target in view!
No target in view!
No target in view!
No target in view!
You see here a ball python corpse.
You now have 10 gold pieces.
You open the door.
There is an open door here.
Found 22 bolts.
You now have 18 gold pieces (gained 8).
You open the door.
There is an open door here.
You open the door.
You pick up a book of Flames and begin reading...
You add the spells Foxfire, Conjure Flame, Inner Flame and Flame Wave to your library.
No target in view!
You now have 34 gold pieces (gained 16).
Found a stone staircase leading down.
You open the door.
There is an open door here.
You now have 40 gold pieces (gained 6).
A ball python comes into view.
The ball python hisses angrily.
A goblin comes into view. It is wielding a +0 dagger.
There are monsters nearby!
The goblin shouts!
You closely miss the ball python. The ball python closely misses you.
The ball python barely misses you.
The ball python bites you but does no damage.
You block the ball python's attack.
You hit the ball python.
The ball python is heavily wounded.
You slash the goblin!
You kill the goblin!
The ball python closely misses you. The ball python grabs you.
The ball python constricts you.
Your Axes skill increases to level 2!
You slash the ball python!
You kill the ball python!
No target in view!
No target in view!
No target in view!
No target in view!
No target in view!
No target in view!
No target in view!
No target in view!
No target in view!
No target in view!
No target in view!
No target in view!
No target in view!
Things that are here:
a +0 dagger; a goblin corpse You open the door.
There is an open door here.
Found a stone staircase leading down.
You open the door.
There is an open door here.
You open the door.
There is a stone staircase leading down here.
There is a stone staircase leading down here.
You open the door.
There is an open door here.
You open the door.
There is an open door here.
There is an open door here.
There is a stone staircase leading down here.
Key pressed, stopping explore.
Found an escape hatch in the floor.
No target in view!
No target in view!
No target in view!
Found a leather armour.
No target in view!
You see here a +0 leather armour.
Found a whip.
No target in view!
No target in view!
No target in view!
Found a faded altar of an unknown god.
No target in view!
e - 2 black potions You open the door.
Found a stone staircase leading down.
No target in view!
No target in view!
No target in view!
You open the door. You open the door.
There is an open door here.
You open the door.
There is an open door here.
You open the door.
There is an open door here.
As you open the door, it creaks loudly!
A ball python comes into view.
The ball python hisses angrily.
A ball python is nearby!
A ball python is nearby!
The ball python closely misses you. The ball python grabs you.
The ball python constricts you.
There is an open door here.
You hit the ball python.
The ball python is severely wounded.
The ball python bites you but does no damage.
The ball python constricts you.
You hit the ball python.
You kill the ball python!
No target in view!
No target in view!
No target in view!
There is an open door here.
There is an open door here.
There is an open door here.
You open the door.
There is an open door here.
You open the door.
There is an open door here.
Key pressed, stopping explore.
Done exploring.
Done exploring.
Done exploring.
Done exploring.
No target in view!
(D) Dungeon
Where to? (? - help)
There is a stone staircase leading down here.
You climb downwards.
Found 9 gold pieces.
There is a stone staircase leading up here.
An adder is nearby!
An adder is nearby!
An adder is nearby!
An adder is nearby!
You barely miss the adder. You block the adder's attack.
You slash the adder!
The adder is severely wounded.
The adder bites you. The adder closely misses you.
You closely miss the adder.
The adder is severely wounded.
The adder bites you.
You are poisoned.
The adder poisons you! The adder bites you.
You hit the adder but do no damage.
The adder is severely wounded.
You feel sick. You block the adder's attack.
The adder bites you but does no damage.
You hit the adder.
You kill the adder!
You feel sick.
You have reached level 2!
You feel monstrous as your demonic heritage exerts itself.
Your demonic ancestry asserts itself...
You grow a small tail.
You start resting.
You feel sick. x3
You are no longer poisoned.
You start resting.
HP restored.
Drop what? 5/52 slots (_ for help) (? for menu, Esc to quit)
You are now empty-handed.
You drop a +0 war axe.
a - a +0 war axe You now have 49 gold pieces (gained 9).
Found a club.
Found a hand axe.
You see here a +0 club.
Found a stone staircase leading down.
Found a stone staircase leading down.
Found a stone staircase leading up.
f - a scroll labelled VILLUR YREHY You now have 68 gold pieces (gained 19).
A ball python and Natasha come into view.
Natasha casts a spell at you. The magic dart hits you!
The ball python moves out of view.
a - a +0 war axe (weapon)
You start resting.
Natasha is nearby!
You slash Natasha! You tail-slap Natasha.
Natasha is almost dead.
Natasha casts a spell at you.
The magic dart hits you but does no damage.
Natasha claws you but does no damage.
You barely miss Natasha.
Natasha is almost dead.
Natasha claws you but does no damage.
You closely miss Natasha. You tail-slap Natasha.
Natasha is almost dead.
Natasha casts a spell.
Natasha claws you.
You hit Natasha.
Natasha is almost dead.
Natasha stares at you and mumbles some strange words.
You resist with significant effort. The ball python misses you.
The ball python grabs you. The ball python constricts you.
You miss Natasha.
Your tail-slap misses Natasha.
Natasha is almost dead.
You closely miss the ball python. The ball python completely misses you.
The ball python constricts you. You block Natasha's attack.
The crimson imp shouts, "Flee, thou froward fool-born mendicant!"
The ball python barely misses you. The ball python constricts you.
Natasha stares at you and mumbles some strange words.
You resist with significant effort.
You miss Natasha.
Natasha is almost dead.
You hit the ball python. You miss the crimson imp.
The crimson imp shouts, "Back with thee, thou weedy wibble-sucking jarkman!"
The crimson imp hits you but does no damage.
You block the ball python's attack. The ball python constricts you.
* * * LOW HITPOINT WARNING * * *
Natasha barely misses you. The crimson imp hits you.
* * * LOW HITPOINT WARNING * * *
You hit Natasha but do no damage. You tail-slap Natasha.
You kill Natasha!
Natasha growls in agony!
The crimson imp disappears in a puff of smoke!
You closely miss the ball python. The ball python closely misses you.
The ball python constricts you. You block the ball python's attack.
The ball python constricts you.
Your Unarmed Combat skill increases to level 1!
You have reached level 3!
Your experience leads to an increase in your attributes!
Increase (S)trength, (I)ntelligence, or (D)exterity?
You feel stronger.
Your demonic ancestry asserts itself...
A pair of horns grows on your head!
You closely miss the ball python.
Your tail-slap misses the ball python.
The ball python is moderately wounded.
The ball python bites you but does no damage.
The ball python constricts you. You block the ball python's attack.
The ball python constricts you.
You escape the ball python's grasp.
You closely miss the ball python.
The ball python is moderately wounded.
The ball python bites you.
* * * LOW HITPOINT WARNING * * *
The ball python barely misses you.
A kobold comes into view. It is wielding a +0 short sword.
You closely miss the ball python.
The kobold shouts!
Your headbutt misses the ball python.
The ball python is moderately wounded.
The ball python barely misses you. The ball python completely misses you.
The ball python closely misses you. You block the ball python's attack.
You barely miss the ball python.
Your tail-slap misses the ball python.
The ball python is moderately wounded.
You block the ball python's attack. The ball python grabs you.
The ball python constricts you.
You closely miss the ball python. You tail-slap the ball python.
You kill the ball python!
A bat comes into view.
You hit the kobold.
You kill the kobold!
A quokka comes into view.
The quokka moves out of view.
You slash the bat!
You kill the bat!
Things that are here:
a +0 short sword; a bat corpse; a kobold corpse
g - an amulet of regeneration You start putting on your amulet.
You continue putting on your amulet of regeneration. x5
You finish putting on your amulet of regeneration.
The amulet cannot attune itself to your injured body.
g - an amulet of regeneration (around neck)
A quokka is nearby!
A quokka is nearby!
A quokka is nearby!
A quokka is nearby!
You are too injured to fight recklessly!
You are too injured to fight recklessly!
You slash the quokka!
You kill the quokka!
Key pressed, stopping explore.
HP restored.
Your amulet attunes itself to your body as you begin to regenerate more quickly.
h - a scroll labelled UCINER UN HOCLAYRR You now have 72 gold pieces (gained 4).
Found a stone staircase leading down.
A goblin comes into view. It is wielding a +0 club.
The goblin shouts!
A bat comes into view.
There are monsters nearby!
There are monsters nearby!
There are monsters nearby!
Found 5 boomerangs.
The bat barely misses you. The bat closely misses you.
You slash the goblin!
You kill the goblin!
You hit the bat.
You kill the bat!
No target in view!
No target in view!
Things that are here:
a +0 club; a goblin corpse
Found 20 stones.
You see here 5 boomerangs.
A goblin comes into view. It is wielding a +0 dagger.
The goblin shouts!
A giant cockroach comes into view.
The goblin unwields a +0 dagger.
The goblin wields a +0 hunting sling.
The goblin shoots a stone.
The stone hits you.
There are monsters nearby!
A worm comes into view.
The goblin unwields a +0 hunting sling.
The goblin wields a +0 dagger.
You block the goblin's attack.
You slash the goblin!
You kill the goblin!
Your Unarmed Combat skill increases to level 2!
You barely miss the giant cockroach.
You tail-slap the giant cockroach, but do no damage.
The giant cockroach barely misses you. You block the giant cockroach's attack.
You slash the giant cockroach!
You kill the giant cockroach!
The worm barely misses you.
Items here: ( )) †.
You hit the worm but do no damage. You hit the worm but do no damage.
The worm bites you but does no damage.
You completely miss the worm. The worm bites you.
You hit the worm but do no damage. The worm barely misses you.
You completely miss the worm.
You headbutt the worm, but do no damage.
The worm misses you.
You hit the worm. You tail-slap the worm.
The worm is heavily wounded.
You hit the worm. You headbutt the worm.
The worm is severely wounded.
The worm barely misses you.
You hit the worm. You headbutt the worm.
You kill the worm!
No target in view!
No target in view!
No target in view!
No target in view!
No target in view!
No target in view!
No target in view!
No target in view!
No target in view!
No target in view!
No target in view!
No target in view!
No target in view!
No target in view!
No target in view!
Found a leather armour.
You see here a +0 leather armour.
Natasha, Servant of Life and Death comes into view.
Natasha is nearby!
Natasha is nearby!
Natasha wildly gestures.
You feel troubled.
Natasha mumbles some strange words.
You slash the white imp!
The white imp is almost dead.
You block the white imp's attack. Natasha claws you but does no damage.
Your shield prevents you from hitting the white imp.
Your tail-slap misses the white imp.
The white imp is severely wounded.
You hit Natasha. The white imp gestures at you. The puff of frost hits you.
You block Natasha's attack.
You barely miss the white imp.
The white imp is severely wounded.
You barely miss Natasha. The white imp gestures at you.
You block the puff of frost. Natasha barely misses you.
The white imp gestures at you. The puff of frost hits you. Natasha claws you.
You closely miss the white imp. Your headbutt misses the white imp.
The white imp is severely wounded.
You barely miss Natasha.
The white imp hits you but does no damage.
Natasha claws you!
You are too injured to fight recklessly!
You are too injured to fight recklessly!
You are too injured to fight recklessly!
You are too injured to fight recklessly!
You are too injured to fight recklessly!
You are too injured to fight recklessly!
You are too injured to fight recklessly!
You are too injured to fight recklessly!
You are too injured to fight recklessly!
You are too injured to fight recklessly!
You are too injured to fight recklessly!
You are too injured to fight recklessly!
Your shield prevents you from hitting Natasha.
Natasha is moderately wounded.
You hit the white imp. You block the white imp's attack.
Natasha claws you but does no damage.
You closely miss Natasha. You headbutt Natasha, but do no damage.
Your tail-slap misses Natasha.
Natasha is moderately wounded.
You closely miss the white imp. The white imp gestures at you.
The puff of frost hits you. Natasha closely misses you. The white imp hits you.
The white imp freezes you.
* * * LOW HITPOINT WARNING * * *
Natasha barely misses you.
You hit Natasha.
Natasha is severely wounded.
You barely miss the white imp. The white imp spits at you.
The white imp barely misses you. You block Natasha's attack.
You hit Natasha but do no damage.
Your tail-slap misses Natasha.
Natasha is severely wounded.
You hit the white imp but do no damage. The white imp hits you.
* * * LOW HITPOINT WARNING * * *
The white imp freezes you.
* * * LOW HITPOINT WARNING * * *
Natasha barely misses you. The white imp gestures at you.
The puff of frost hits you!
* * * LOW HITPOINT WARNING * * *
You miss Natasha.
Natasha is severely wounded.
You slash the white imp!
You kill the white imp!
The white imp disappears in a puff of smoke!
Natasha claws you but does no damage. Natasha claws you.
* * * LOW HITPOINT WARNING * * *
You hit Natasha.
Natasha is severely wounded.
Natasha claws you.
* * * LOW HITPOINT WARNING * * *
You closely miss Natasha. You headbutt Natasha, but do no damage.
Natasha is severely wounded.
Natasha wildly gestures.
Natasha shimmers violently.
Natasha claws you.
You die...

. #..##............. .. ###
#.###............. ..##
#.#####.................
....######...##..................
#....##..)....###.>.........)..
#..........##.##..##.....#.....
#.......#...).#<.######..#####.
#....##.......h§#### ##.......
#....##.......@..[.######......
#....##........###.....# #.....
###.###........# #####.###.....
#..#########.# ##.#.......
######.### #...# #..........
.........# ###...##.##.....#.
......<..# ##.......###.#.
.........# ###..#........
..........# ..............


You could see Natasha.

Vanquished Creatures
  Natasha (D:2)
  An adder (D:2)
  A worm (D:2)
  4 ball pythons
  A giant cockroach (D:2)
  3 goblins
  A quokka (D:2)
  2 bats (D:2)
  A kobold (D:2)
15 creatures vanquished.

Notes
Turn   | Place    | Note
-------+----------+-------------------------------------------
     0 | D:1      | sleeves the Demonspawn Fighter began the quest for the Orb.
     0 | D:1      | Reached XP level 1. HP: 18/18 MP: 1/1
   124 | D:1      | Reached skill level 2 in Axes
   303 | D:1      | Found a faded altar of an unknown god.
   578 | D:2      | Discovered your monstrous ancestry.
   578 | D:2      | Gained mutation: You have a small tail. [demonic ancestry]
   578 | D:2      | Reached XP level 2. HP: 14/24 MP: 2/2
   579 | D:2      | HP: 12/24 [poisoned by an adder]
   777 | D:2      | Noticed Natasha
   788 | D:2      | Noticed a crimson imp
   790 | D:2      | HP: 12/24 [constriction (1)]
   791 | D:2      | Killed Natasha
   792 | D:2      | Reached skill level 1 in Unarmed Combat
   792 | D:2      | Gained mutation: You have a pair of small horns on your
                  | head. [demonic ancestry]
   792 | D:2      | Reached XP level 3. HP: 14/29 MP: 3/3
  1028 | D:2      | Reached skill level 2 in Unarmed Combat
  1057 | D:2      | Noticed Natasha
  1066 | D:2      | HP: 11/29 [white imp[Natasha] (5)]
  1068 | D:2      | HP: 2/29 [white imp/puff of frost[Natasha] (8)]
  1071 | D:2      | Slain by Natasha

Illustrated notes

Levels and vault maps discovered:
D:1:      sevenhm_arrival_forest_fort_large_4, layout_basic,
          basic_ecumenical_altar
D:2:      layout_rooms, uniq_terence, uniq_natasha

Skill      XL: |  1  2  3 |
---------------+----------+-----
Axes           | 2 |  2.7
Unarmed Combat | 1 2 |  2.1
Fighting       | |  3.0
Armour         | |  2.6
Shields        | |  2.6

Action                   || total
-------------------------++-------
Melee: War axe           ||    49
       Tailslap          ||     6
       Headbutt          ||     5
Armor: Scale mail        ||    13
Dodge: Dodged            ||    27
Block: Buckler           ||    17

Table legend: (Time is in decaauts)
 A = Elapsed time spent in this place.
 B = Non-inter-level travel time spent in this place.
 C = Inter-level travel time spent in this place.
 D = Time resting spent in this place.
 E = Time spent auto-exploring this place.
 F = Levels seen in this place.
 G = Mean time per level.
                   A        B        C        D        E       F      G
               +--------+--------+--------+--------+--------+-----+--------+
         Total |   1090 |   1074 |     16 |    159 |    787 |   2 |  545.0 |
       Dungeon |   1090 |   1074 |     16 |    159 |    787 |   2 |  545.0 |
               +--------+--------+--------+--------+--------+-----+--------+

Top non-repeatable levels by time:
     D:1: 574 daAuts
     D:2: 515 daAuts
